Map: Dusk Towers

Players

IlIlIlIIlIlI

  • Race: Terran Terran
  • League: Master

oliM - Winner!

  • Race: Protoss Protoss
  • League: Master

VOD

Have the link to the VOD?

Description

Time

  • Played on: Jan. 20, 2016, 2:42 a.m.
  • Length: 7:59
Show
View Real Time Build Order
Export as new Build Order

IlIlIlIIlIlI Terran 

Build Orders: Reaper Expand, MMM Bio 

Get SALT Encoding   

  12  0:00  SCV  
  13  0:13  SCV  
  14  0:18  Supply Depot  
  14  0:25  SCV  
  15  0:40  SCV  
  15  0:42  Barracks  
  16  0:46  Refinery  
  16  0:52  SCV  
  18  1:04  SCV  
  18  1:16  SCV  
  19  1:29  Orbital Command  
  19  1:30  Reaper  
  20  1:41  Command Center  
  20  1:48  Supply Depot  
  20  1:55  SCV  
  21  2:06  Barracks Reactor  
  21  2:11  SCV  
  22  2:23  SCV  
  22  2:24  Refinery  
  22  2:25  Factory  
  23  2:35  SCV  
  24  2:44  Marine x2  
  24  2:51  SCV  
  26  2:54  Orbital Command  
  26  3:02  Marine x2  
  26  3:03  SCV  
  29  3:06  Barracks  
  29  3:07  Barracks  
  29  3:09  Starport, Widow Mine  
  31  3:15  SCV  
  31  3:19  SCV  
  33  3:25  Marine x2  
  35  3:28  SCV  
  35  3:31  SCV  
  35  3:32  Supply Depot  
  37  3:43  SCV x2  
  33  3:48  Engineering Bay, Medivac  
  39  3:51  Factory Tech Lab  
  41  4:00  Barracks Tech Lab x2  
  41  4:02  SCV x2  
  43  4:08  Marine x2  
  45  4:14  SCV x2  
  45  4:15  Siege Tank  
  50  4:18  Terran Infantry Weapons Level 1  
  50  4:27  Marine x2  
  50  4:28  Viking  
  54  4:32  Refinery x2  
  54  4:35  Supply Depot  
  54  4:47  Stimpack, Missile Turret  
  54  4:57  SCV x2  
  54  4:59  Supply Depot  
  56  5:01  Starport Reactor  
  54  5:09  SCV x2  
  54  5:18  Marine x2  
  54  5:19  Marauder x2  
  54  5:21  Siege Tank  
  57  5:22  SCV x2  
  57  5:24  Supply Depot  
  59  5:32  Barracks  
  59  5:33  Supply Depot  
  59  5:34  SCV  
  59  5:35  Barracks  
  60  5:36  SCV  
  60  5:41  Medivac  
  60  5:42  Medivac  
  65  5:46  SCV  
  65  5:48  SCV, Supply Depot  
  67  5:51  Combat Shields  
  67  5:58  Marine x2  
  67  5:59  Marauder  
  67  6:02  Marauder  
  73  6:06  SCV x2  
  73  6:11  Supply Depot  
  75  6:12  Siege Tank  
  78  6:20  Medivac  
  78  6:21  Barracks Reactor  
  78  6:24  Marine  
  78  6:25  Marine  
  82  6:26  Barracks Reactor  
  82  6:28  SCV x2  
  82  6:29  Marauder  
  82  6:30  Marauder  
  88  6:37  Supply Depot  
  88  6:43  Marine x2  
  90  6:47  Medivac  
  90  6:48  Concussive Shells  
  90  6:51  Medivac  
  94  7:00  Marine x4  
  98  7:05  Supply Depot  
  98  7:10  Command Center  
  98  7:15  Marine x4  
  100  7:16  Siege Tank  
  100  7:18  Medivac  
  100  7:19  Marauder  
  100  7:20  Marine  
  110  7:24  Supply Depot  
  110  7:27  Marine x2  
  112  7:31  Supply Depot x2  
Show
View Real Time Build Order
Export as new Build Order

oliM Protoss - Winner!

Build Orders: 1 Gate Expand, Blink Stalkers 

Get SALT Encoding   

  12  0:01  Probe (Chrono Boost)  
  13  0:13  Probe (Chrono Boost)  
  14  0:18  Pylon  
  14  0:23  Probe (Chrono Boost)  
  15  0:36  Probe (Chrono Boost)  
  15  0:40  Gateway  
  16  0:46  Probe (Chrono Boost)  
  17  0:51  Assimilator  
  17  0:57  Probe (Chrono Boost)  
  18  1:08  Probe (Chrono Boost)  
  19  1:19  Nexus  
  19  1:33  Cybernetics Core, Probe (Chrono Boost)  
  20  1:44  Probe (Chrono Boost), Assimilator  
  21  1:51  Pylon  
  21  1:54  Probe (Chrono Boost)  
  22  2:05  Probe (Chrono Boost)  
  24  2:16  Mothership Core (Chrono Boost)  
  24  2:17  Adept (Chrono Boost)  
  24  2:18  Pylon  
  26  2:26  Warp Gate  
  26  2:32  Probe (Chrono Boost)  
  26  2:34  Probe (Chrono Boost)  
  28  2:51  Probe (Chrono Boost)  
  28  2:53  Probe (Chrono Boost)  
  30  2:59  Twilight Council  
  30  3:02  Probe (Chrono Boost)  
  30  3:04  Probe (Chrono Boost)  
  32  3:08  Sentry  
  35  3:13  Probe (Chrono Boost)  
  35  3:14  Probe (Chrono Boost)  
  36  3:21  Gateway  
  36  3:23  Gateway, Probe (Chrono Boost)  
  36  3:25  Probe (Chrono Boost)  
  38  3:34  Probe (Chrono Boost)  
  39  3:35  Probe (Chrono Boost)  
  39  3:38  Robotics Facility  
  39  3:39  Blink  
  40  3:44  Probe (Chrono Boost)  
  40  3:46  Probe (Chrono Boost)  
  42  3:55  Probe (Chrono Boost)  
  43  3:56  Probe (Chrono Boost)  
  44  4:02  Pylon  
  44  4:05  Probe (Chrono Boost), Assimilator  
  44  4:07  Probe (Chrono Boost)  
  44  4:09  Assimilator  
  46  4:16  Probe (Chrono Boost)  
  47  4:17  Probe (Chrono Boost)  
  47  4:22  Pylon  
  48  4:26  Probe (Chrono Boost), Observer (Chrono Boost)  
  48  4:28  Probe (Chrono Boost)  
  51  4:38  Probe  
  52  4:40  Gateway x2, Probe  
  52  4:42  Stalker x2, Pylon  
  57  4:51  Probe  
  58  4:53  Observer (Chrono Boost)  
  59  5:00  Stalker  
  61  5:10  Stalker x2  
  61  5:12  Observer (Chrono Boost)  
  63  5:15  Probe  
  63  5:18  Probe  
  65  5:22  Nexus, Forge  
  65  5:27  Pylon  
  65  5:30  Probe  
  65  5:31  Observer (Chrono Boost)  
  65  5:35  Resonating Glaives (Chrono Boost)  
  67  5:38  Probe  
  67  5:42  Probe  
  69  5:47  Forge  
  69  5:49  Sentry, Pylon  
  71  5:50  Probe  
  71  5:52  Pylon  
  71  5:53  Protoss Ground Weapons Level 1 (Chrono Boost)  
  71  5:54  Probe, Immortal (Chrono Boost)  
  77  6:02  Photon Cannon  
  77  6:10  Probe, Photon Cannon  
  78  6:20  Robotics Bay  
  78  6:21  Sentry, Pylon  
  78  6:24  Pylon  
  80  6:30  Probe  
  80  6:31  Probe  
  82  6:33  Probe  
  83  6:41  Immortal  
  83  6:42  Probe  
  83  6:43  Probe  
  83  6:45  Probe  
  90  6:54  Probe  
  91  6:55  Probe  
  91  6:59  Stalker x3  
  98  7:08  Pylon  
  98  7:09  Pylon  
  98  7:16  Disruptor  
  98  7:18  Photon Cannon  
  98  7:20  Photon Cannon  
  101  7:23  Adept x2  
  101  7:24  Adept  
  101  7:25  Pylon  
  101  7:29  Adept x2  
  109  7:34  Assimilator  
  109  7:47  Stalker x2  
  109  7:48  Stalker  
Tags
 
Add a new tag
Caveats
  • Supply blocks, unpowered buildings, or Contaminate may cause inaccurate times.
  • Supply counts are checked every 10 seconds.